 Dungeon Crawl Stone Soup version 0.19-a0-1907-gcff654f (webtiles) character file.

111918 Leszczynek the Brawler (level 16, 0/188 HPs)
             Began as an Ogre Warper on Oct 19, 2016.
             Was a Priest of Cheibriados.
             Killed by vampiric draining
             ... invoked by a ghostly deep elf death mage
              (13 damage)
             ... on level 3 of the Elven Halls on Oct 21, 2016.
             The game lasted 01:45:04 (12858 turns).

Leszczynek the Brawler (Ogre Warper)               Turns: 12858, Time: 01:45:04

Health: 0/188      AC: 12    Str: 32    XL:     16   Next: 59%
Magic:  23/28      EV: 16    Int: 20    God:    Cheibriados [***...]
Gold:   1224       SH: 13    Dex: 26    Spells: 3 memorised, 22 levels left

rFire  + . .     SeeInvis +       - Unarmed
rCold  . . .     Gourm    .     I - +3 troll leather armour
rNeg   . . .     Faith    +     R - +0 shield {AC+3}
rPois  .         Spirit   .     (helmet restricted)
rElec  .         Reflect  .     C - +0 cloak of Hedge Wizardry {MR++ Regen+ Int-2 Dex+8}
rCorr  .         Harm     .     (gloves unavailable)
MR     +++..                    (boots unavailable)
Stlth  ++........               x - amulet of faith
                                k - ring of protection from fire
                                l - +4 ring of strength

@: lethally poisoned (0 -> 0), heavily drained, very slow
A: unfitting armour, claws 1, molten scales 1, see invisible, clumsy 1, deformed
body, regeneration 1, robust 1, tough skin 1
a: Bend Time, Temporal Distortion, Renounce Religion


You were on level 3 of the Elven Halls.
You worshipped Cheibriados.
Cheibriados was most pleased with you.
You were not hungry.

You visited 5 branches of the dungeon, and saw 26 of its levels.
You also visited: Labyrinth, Ossuary and Volcano.

You collected 2352 gold pieces.
You spent 1128 gold pieces at shops.

Inventory:

Missiles
 f - 5 tomahawks of dispersal
 s - 33 tomahawks
 v - 8 large rocks (quivered)
Armour
 C - the +0 cloak of Hedge Wizardry (worn) {MR++ Regen+ Int-2 Dex+8}
   (You found it on level 11 of the Dungeon)

   It affects your intelligence (-2).
   It affects your dexterity (+8).
   It affects your resistance to hostile enchantments.
   It increases your rate of regeneration.
 D - a +0 large shield
 I - a +3 troll leather armour (worn)
 M - a +2 robe of fire resistance
 R - a +0 shield of protection (worn)
Rods
 T - a +3 rod of inaccuracy (14/14)
   (You found it in a labyrinth)
 U - a +2 rod of clouds (12/12)
   (You found it in a labyrinth)
Jewellery
 g - a +1 ring of protection
 k - a ring of protection from fire (right claw)
 l - a +4 ring of strength (left claw)
 x - an amulet of faith (around neck)
 y - a +3 ring of evasion {unknown}
Wands
 m - a wand of enslavement (11/24)
 q - a wand of enslavement (12/24)
 r - a wand of digging (8/24)
 t - a wand of iceblast (8/15)
 F - a wand of flame (21/48)
 H - a wand of lightning (10/15)
 O - a wand of iceblast (6/15)
 V - a wand of lightning (1/15)
 Y - a wand of disintegration (14/24)
Scrolls
 c - 2 scrolls of blinking
 e - 16 scrolls of remove curse
 i - 2 scrolls of recharging
 n - 5 scrolls of fear
 o - 6 scrolls of teleportation
 B - a scroll of fog
 J - a scroll of identify
 S - 4 scrolls of magic mapping
Potions
 a - 2 potions of ambrosia
 j - 4 potions of flight
 p - 3 potions of resistance
 u - 2 potions of brilliance
 w - 7 potions of lignification
 z - 5 potions of might
 A - 5 potions of curing
 E - a potion of cancellation
 G - a potion of cure mutation
Books
 b - a book of Spatial Translocations

   Spells                             Type                      Level
   a - Blink                          Translocation                2
   b - Shroud of Golubria             Charms/Translocation         2
   c - Lesser Beckoning               Translocation                3
   d - Portal Projectile              Translocation                3
   e - Teleport Other                 Translocation                3
   f - Passage of Golubria            Translocation                4
Miscellaneous
 P - a fan of gales
 Q - a phantom mirror
Comestibles
 d - 6 bread rations
 h - 5 meat rations
 K - 12 fruits
 L - a slice of pizza
 N - 11 chunks of flesh


   Skills:
 + Level 13.7(10.9) Fighting
 - Level 1.0(0.0) Throwing
 + Level 10.2(7.7) Dodging
 - Level 9.4(6.9) Shields
 * Level 15.3(12.4) Unarmed Combat
 - Level 8.4(5.9) Spellcasting
 - Level 10.0(7.5) Translocations
 - Level 7.6(5.3) Invocations


You had 22 spell levels left.
You knew the following spells:

 Your Spells              Type           Power        Failure   Level  Hunger
a - Blink                 Tloc           N/A          1%          2    None
b - Lesser Beckoning      Tloc           #####.....   2%          3    ##.....
d - Passage of Golubria   Tloc           N/A          10%         4    ####...


Dungeon Overview and Level Annotations

Branches:
Dungeon (14/15)            Temple (1/1) D:6            Lair (6/6) D:11
  Snake (0/4) Lair:3          Orc (2/2) D:10            Elf (3/3) Orc:2
  Swamp: Lair:2-4    Shoals: Lair:2-4     Slime: Lair:5-6    Vaults: D:13-14

Altars:
Ashenzari
Cheibriados
Dithmenos
Elyvilon
Fedhas
Gozag
Hepliaklqana
Kikubaaqudgha
Makhleb
Nemelex Xobeh
Okawaru
Qazlal
Ru
Sif Muna
Trog
Uskayaw
Vehumet
Xom
Yredelemnul
Zin
The Shining One
Beogh

Shops:
Orc:2 !![([   Elf:1 [

Annotations:
D:3 Leszczynek's ghost, weakling OgWr
D:10 exclusion: ice statue
Lair:2 shoals
Lair:6 frog pond
Elf:1 exclusion: downstairs
Elf:2 3 runed doors


Innate Abilities, Weirdness & Mutations

You are too large for most types of armour.
You have tough skin. (AC +1)
You have sharp fingernails.
You are partially covered in molten scales. (AC +2)
You have supernaturally acute eyesight. (SInv)
You are clumsy. (Dex -2)
Armour fits poorly on your strangely shaped body.
Your natural rate of healing is unusually fast.
You are robust. (+10% HP)


Message History

Okay, then.
You mangle the ghostly deep elf death mage!!
The ghostly deep elf death mage is moderately damaged.
You block the small abomination's attack.
You closely miss the ghostly deep elf death mage.
The ghostly deep elf death mage is moderately damaged.
The ghostly deep elf death mage gestures at you while chanting.
The bolt of negative energy hits you!
You feel drained.
* * * LOW HITPOINT WARNING * * *
You block the small abomination's attack.
The deep elf death mage beckons forth a restless soul!
You can feel time thicken for a moment.
You destroy the lost soul!
You feel somewhat more hungry.
You can no longer inflict damage on those overly hasty.
Cheibriados lowers the support of your attributes as your movement quickens.
You feel sick. The small abomination hits you!
* * * LOW HITPOINT WARNING * * *
The ghostly deep elf death mage is infused with unholy energy.
You die...

*,,,,,*** #)#..##*,,,,,*
#.# *,,,*** #
#)#.#)###*,,,* #.# *,***
#.#[#.)[)(#***,* #.# ***
#.#x#[.(#.# ***####.#
#...)..##########'...#
#.....x#§§.......###.#
##.....§e§§......# #.#
########xe§§.....# #.#
#......@ee§....e.###'##
#########§§...........##
##§............#
##.......#.......
#................
#................
#............)...
#..........<.)...
#..........).)...


You could see a deep elf annihilator, a deep elf death mage, a ghostly deep elf
death mage, a deep elf archer and a small abomination.

Vanquished Creatures
  2 deep elf master archers (Elf:3)
  2 deep elf blademasters (Elf:3)
  2 deep elf sorcerers
  2 orc warlords (Orc:2)
  4 deep elf elementalists (Elf:3)
  6 deep elf demonologists (Elf:3)
  3 deep elf annihilators (Elf:3)
  4 deep elf death magi (Elf:3)
  A deep elf high priest (Elf:3)
  A minotaur (Lab)
  Erolcha (D:10)
  2 hydras
  A centaur warrior (D:13)
  The ghost of dobroeutro the Quickloader, a journeyman KoHu of Okawaru (D:11)
  20 dancing weapons
  The ghost of poirepourri the Markself, a novice HEHu of Okawaru (D:10)
  Urug (Lair:2)
  The ghost of Nuatha the Covert, a journeyman SpAK of Lugonu (Lair:1)
  12 spriggans (Lair:4)
  17 deep elf knights
  2 unseen horrors
  5 wizards (Volcano)
  3 hill giants
  A wolf spider zombie (D:11)
  6 deep elf archers
  The ghost of rme2001 the Nimble, a novice MfGl (Ossuary)
  3 orc knights
  25 deep elf magi
  2 orc sorcerers
  2 cyclopes
  An ugly thing (D:13)
  A salamander (shapeshifter) (Elf:3)
  A manticore (D:13)
  5 toenail golems (Volcano)
  Joseph (D:7)
  A black mamba (Lair:4)
  7 spiny frogs
  A rime drake (Lair:5)
  3 komodo dragons
  2 hellwings (D:11)
  6 trolls
  4 hornets (Lair:4)
  4 slime creatures (D:12)
  A hippogriff (Lair:4)
  6 dream sheep (Lair:5)
  6 blink frogs
  A meliai zombie (D:11)
  3 air elementals
  2 shadows
  3 wyverns
  2 water elementals (Elf:1)
  12 yaks
  Grum (D:10)
  2 basilisks
  A fire elemental (Elf:3)
  2 hill giant zombies (D:10)
  2 hungry ghosts
  A mottled dragon (D:11)
  2 vampire mosquitoes (D:12)
  2 nagas (Lair:3)
  8 wargs
  A water moccasin (Lair:1)
  3 porcupines
  32 orc warriors
  A hornet zombie (D:13)
  4 sky beasts
  5 ice beasts
  3 phantoms
  3 boggarts (Lair:4)
  11 wolves
  5 crocodiles
  17 ogres
  5 centaurs
  A gnoll sergeant (D:7)
  8 bullfrogs
  4 earth elementals
  A wyvern skeleton (D:10)
  A scorpion (D:6)
  6 killer bees
  A troll skeleton (Lab)
  2 howler monkeys (D:3)
  8 crimson imps
  4 centaur zombies
  4 hounds
  6 centaur skeletons
  2 jellies
  A bullfrog zombie (D:5)
  24 orc priests
  24 orc wizards
  3 iguanas
  7 worker ants
  6 ogre zombies (D:10)
  2 ogre skeletons (Lab)
  A hound zombie (D:7)
  2 mummies (Ossuary)
  2 worker ant zombies
  8 adders
  4 gnolls (D:7)
  A howler monkey skeleton (D:5)
  4 shadow imps
  An adder skeleton (D:5)
  2 leopard geckos
  96 orcs
  6 bats
  7 giant cockroaches
  5 goblins
  5 hobgoblins
  6 quokkas
  A ball python (D:5)
  2 frilled lizards (D:1)
  A giant cockroach zombie (D:6)
  2 gnoll skeletons (Ossuary)
  A gnoll zombie (Ossuary)
  5 goblin skeletons
  4 goblin zombies
  2 hobgoblin skeletons (Ossuary)
  6 hobgoblin zombies
  A jackal skeleton (D:7)
  A jackal zombie (D:7)
  3 kobolds
  3 kobold skeletons (Ossuary)
  3 orc skeletons
  18 orc zombies
  3 rats
  3 rat zombies (Ossuary)
642 creatures vanquished.

Vanquished Creatures (others)
  A deep elf mage (Elf:1)
  Menkaure (Ossuary)
  A mummy (Ossuary)
  A gnoll zombie (Ossuary)
  4 goblin skeletons (Ossuary)
  4 goblin zombies (Ossuary)
  2 hobgoblin skeletons (Ossuary)
  3 hobgoblin zombies (Ossuary)
  3 kobold skeletons (Ossuary)
  5 kobold zombies (Ossuary)
  2 orc skeletons (Ossuary)
  An orc zombie (Ossuary)
  2 rat skeletons (Ossuary)
  A rat zombie (Ossuary)
  A withered plant (D:11)
32 creatures vanquished.

Grand Total: 674 creatures vanquished

Notes
Turn   | Place    | Note
-------+----------+-------------------------------------------
     0 | D:1      | Leszczynek the Ogre Warper began the quest for the Orb.
     0 | D:1      | Reached XP level 1. HP: 22/22 MP: 3/3
    47 | D:1      | Reached skill level 2 in Unarmed Combat
   266 | D:1      | Reached XP level 2. HP: 23/29 MP: 5/5
   624 | D:3      | Reached skill level 3 in Unarmed Combat
   637 | D:3      | Reached XP level 3. HP: 31/36 MP: 6/6
   747 | D:4      | Noticed an ogre
   786 | D:3      | Reached skill level 4 in Unarmed Combat
   786 | D:3      | Reached XP level 4. HP: 29/44 MP: 7/7
   866 | D:3      | Reached XP level 5. HP: 16/50 MP: 8/8
  1092 | D:3      | Noticed Leszczynek's ghost (weakling OgWr)
  1215 | D:5      | Entered Level 5 of the Dungeon
  1256 | D:5      | You fall through a shaft for 3 floors!
  1257 | D:8      | Noticed an ogre
  1263 | D:8      | Killed an ogre
  1263 | D:8      | Reached skill level 5 in Unarmed Combat
  1297 | D:8      | Noticed a sky beast
  1308 | D:8      | Killed a sky beast
  1308 | D:8      | Reached XP level 6. HP: 47/59 MP: 9/9
  1315 | D:8      | Gained mutation: Your natural rate of healing is unusually fast. [mutagenic meat]
  1321 | D:8      | Gained mutation: You have supernaturally acute eyesight. (SInv) [mutagenic meat]
  1324 | D:8      | Gained mutation: You are clumsy. (Dex -2) [mutagenic meat]
  1327 | D:8      | Gained mutation: You are robust. (+10% HP) [mutagenic meat]
  1330 | D:8      | Gained mutation: Armour fits poorly on your strangely shaped body. [mutagenic meat]
  1501 | D:8      | Reached skill level 6 in Unarmed Combat
  1560 | D:8      | HP: 4/64 [orc/dagger (5)]
  1634 | D:7      | Noticed Joseph
  1682 | D:8      | Reached XP level 7. HP: 54/72 MP: 10/10
  1867 | D:7      | Found a sand-covered staircase.
  1871 | Ossuary  | Entered an ossuary
  2076 | Ossuary  | Killed Menkaure
  2116 | Ossuary  | Noticed rme2001's ghost (novice MfGl)
  2117 | Ossuary  | really
  2124 | Ossuary  | Gained mutation: You are very robust. (+20% HP) [potion of mutation]
  2235 | Ossuary  | Killed rme2001's ghost
  2235 | Ossuary  | Reached skill level 8 in Unarmed Combat
  2235 | Ossuary  | Reached XP level 8. HP: 22/88 MP: 11/11
  2572 | D:7      | Killed Joseph
  2572 | D:7      | Reached skill level 9 in Unarmed Combat
  2786 | D:5      | Reached skill level 10 in Unarmed Combat
  2807 | D:5      | Reached skill level 3 in Fighting
  2874 | D:5      | Reached skill level 4 in Fighting
  2874 | D:5      | Reached XP level 9. HP: 86/100 MP: 12/12
  3147 | D:6      | Reached skill level 5 in Fighting
  3162 | D:6      | Found a staircase to the Ecumenical Temple.
  3171 | Temple   | Entered the Ecumenical Temple
  3206 | Temple   | Became a worshipper of Cheibriados the Contemplative
  3207 | Temple   | it's on you bastards
  3294 | D:6      | Reached skill level 6 in Fighting
  3608 | D:7      | Reached skill level 7 in Fighting
  3639 | D:7      | Reached skill level 1 in Shields
  3756 | D:7      | Reached skill level 2 in Shields
  3886 | D:7      | Reached * piety under Cheibriados
  3892 | D:7      | Reached skill level 3 in Shields
  4066 | D:8      | Reached skill level 4 in Shields
  4352 | D:9      | Reached skill level 5 in Shields
  4420 | D:10     | Entered Level 10 of the Dungeon
  4420 | D:10     | Noticed Erolcha
  4489 | D:9      | Reached ** piety under Cheibriados
  4567 | D:10     | Reached XP level 10. HP: 104/122 MP: 13/13
  4635 | D:10     | Noticed Grum
  4655 | D:10     | Killed Grum
  4655 | D:10     | Reached skill level 3 in Dodging
  4695 | D:10     | Lost mutation: You are very robust. (+20% HP) [mutagenic meat]
  4698 | D:10     | Gained mutation: You have sharp fingernails. [mutagenic meat]
  4701 | D:10     | Gained mutation: You are partially covered in molten scales. (AC +2) [mutagenic meat]
  4931 | D:11     | Reached skill level 6 in Shields
  4984 | D:11     | Found a staircase to the Lair.
  4986 | D:11     | Got a slimy cloak
  4997 | D:11     | Identified the cursed +0 cloak of Hedge Wizardry {MR++ Regen+ Int-2 Dex+8} (You found it on level 11 of the Dungeon)
  5037 | D:11     | Reached skill level 2 in Invocations
  5047 | D:11     | Reached skill level 3 in Invocations
  5063 | D:11     | Reached skill level 4 in Invocations
  5072 | D:11     | Reached skill level 5 in Invocations
  5086 | D:11     | Reached skill level 6 in Invocations
  5119 | D:11     | Learned a level 2 spell: Blink
  5124 | D:11     | Learned a level 4 spell: Passage of Golubria
  5131 | D:11     | Reached skill level 7 in Invocations
  5140 | D:11     | Learned a level 3 spell: Lesser Beckoning
  5178 | D:11     | Reached XP level 11. HP: 67/119 MP: 16/16
  5202 | D:11     | Reached *** piety under Cheibriados
  5202 | D:11     | Reached skill level 11 in Unarmed Combat
  5323 | D:12     | Found a snail-covered altar of Cheibriados.
  5336 | D:12     | Noticed a six-headed hydra
  5412 | D:12     | Noticed an unseen horror
  5420 | D:12     | Killed a six-headed hydra
  5436 | D:12     | Killed an unseen horror
  5483 | D:12     | Reached skill level 12 in Unarmed Combat
  5551 | D:12     | Noticed a cyclops
  5569 | D:12     | Killed a cyclops
  5569 | D:12     | Reached skill level 8 in Fighting
  6001 | D:13     | Noticed a centaur warrior
  6017 | D:13     | Reached skill level 9 in Fighting
  6020 | D:13     | Reached **** piety under Cheibriados
  6030 | D:13     | Killed a centaur warrior
  6030 | D:13     | Reached skill level 10 in Fighting
  6185 | D:13     | Noticed a red ugly thing
  6193 | D:13     | Killed a red ugly thing
  6193 | D:13     | Reached skill level 11 in Fighting
  6253 | D:13     | Noticed a manticore
  6259 | D:13     | Killed a manticore
  6259 | D:13     | Reached skill level 4 in Dodging
  6259 | D:13     | Reached XP level 12. HP: 103/143 MP: 17/17
  6335 | D:13     | Reached skill level 5 in Dodging
  6385 | D:12     | Reached ***** piety under Cheibriados
  6508 | D:11     | Noticed dobroeutro's ghost (journeyman KoHu)
  6517 | D:11     | Killed dobroeutro's ghost
  6567 | D:11     | Reached skill level 6 in Dodging
  6685 | D:10     | Noticed poirepourri's ghost (novice HEHu)
  6873 | D:9      | Reached skill level 7 in Shields
  7026 | D:10     | Killed Erolcha
  7034 | D:10     | Killed poirepourri's ghost
  7034 | D:10     | Reached skill level 7 in Dodging
  7146 | D:11     | Upgraded the game from 0.19-a0-1899-g2d93087 to 0.19-a0-1907-gcff654f
  7147 | Lair:1   | Entered Level 1 of the Lair of Beasts
  7151 | Lair:1   | Noticed Nuatha's ghost (journeyman SpAK)
  7183 | Lair:1   | Killed Nuatha's ghost
  7289 | Lair:2   | Reached skill level 8 in Dodging
  7347 | Lair:2   | Noticed Urug
  7368 | Lair:2   | Killed Urug
  7368 | Lair:2   | Reached skill level 8 in Shields
  7441 | Lair:2   | Found a dark tunnel.
  7450 | Volcano  | Entered a volcano
  7532 | Volcano  | Reached skill level 9 in Shields
  7537 | Volcano  | Reached XP level 13. HP: 149/150 MP: 18/18
  7915 | Lair:3   | Reached skill level 13 in Unarmed Combat
  8006 | Lair:3   | Found a staircase to the Snake Pit.
  8170 | Lair:6   | Entered Level 6 of the Lair of Beasts
  8397 | Lair:4   | Reached ****** piety under Cheibriados
  8926 | Lair:1   | Reached skill level 12 in Fighting
  9071 | D:13     | Reached skill level 9 in Dodging
  9077 | D:13     | Reached skill level 14 in Unarmed Combat
  9079 | D:13     | Reached XP level 14. HP: 163/163 MP: 19/19
  9396 | D:10     | Found a staircase to the Orcish Mines.
  9421 | Orc:1    | Entered Level 1 of the Orcish Mines
  9495 | Orc:2    | Entered Level 2 of the Orcish Mines
  9530 | Orc:2    | Found a staircase to the Elven Halls.
  9565 | Orc:2    | Found Nufrerao's Armour Boutique.
  9597 | Orc:2    | Found a labyrinth entrance.
  9605 | Lab      | Entered a labyrinth
  9606 | Lab      | let's hope it won't take long :/
  9885 | Lab      | Reached skill level 3 in Translocations
  9980 | Lab      | Identified a +3 rod of inaccuracy (14/14) (You found it in a labyrinth)
  9981 | Lab      | Identified a +2 rod of clouds (12/12) (You found it in a labyrinth)
 10040 | Orc:2    | pretty fast i think
 10047 | Orc:2    | Found a roughly hewn altar of Beogh.
 10163 | Orc:2    | Reached skill level 4 in Translocations
 10169 | Orc:2    | Noticed an orc warlord
 10201 | Orc:2    | Killed an orc warlord
 10231 | Orc:2    | Found Jut Doy's Antique Weapon Shop.
 10232 | Orc:2    | Found a roughly hewn altar of Beogh.
 10237 | Orc:2    | Found Yzypp's Antique Armour Boutique.
 10280 | Orc:2    | Found a roughly hewn altar of Beogh.
 10280 | Orc:2    | Found Wycseb's Distillery.
 10361 | Orc:1    | Reached skill level 5 in Translocations
 10451 | Orc:2    | Found a roughly hewn altar of Beogh.
 10466 | Orc:2    | Found Keaxe's Distillery.
 10477 | Orc:2    | Bought a potion of resistance for 160 gold pieces
 10477 | Orc:2    | Bought a potion of heal wounds for 80 gold pieces
 10477 | Orc:2    | Bought a potion of curing for 48 gold pieces
 10477 | Orc:2    | Bought a potion of lignification for 48 gold pieces
 10477 | Orc:2    | Bought 2 potions of lignification for 96 gold pieces
 10477 | Orc:2    | Bought a potion of heal wounds for 80 gold pieces
 10558 | Orc:2    | Bought a potion of might for 56 gold pieces
 10558 | Orc:2    | Bought a potion of lignification for 42 gold pieces
 10558 | Orc:2    | Bought a potion of lignification for 42 gold pieces
 10558 | Orc:2    | Bought a potion of curing for 42 gold pieces
 10558 | Orc:2    | Bought a potion of heal wounds for 70 gold pieces
 10558 | Orc:2    | Bought a potion of resistance for 140 gold pieces
 10558 | Orc:2    | Bought a potion of agility for 56 gold pieces
 10558 | Orc:2    | Bought a potion of might for 56 gold pieces
 10558 | Orc:2    | Bought a potion of might for 56 gold pieces
 10558 | Orc:2    | Bought a potion of brilliance for 56 gold pieces
 10698 | Orc:2    | Noticed an orc warlord
 10724 | Orc:2    | Killed an orc warlord
 10724 | Orc:2    | Reached skill level 6 in Translocations
 10749 | Orc:2    | Found a roughly hewn altar of Beogh.
 11024 | Orc:1    | Found a shimmering altar of Xom.
 11119 | Elf:1    | Entered Level 1 of the Elven Halls
 11155 | Orc:2    | Reached skill level 7 in Translocations
 11312 | Elf:1    | Reached skill level 8 in Translocations
 11354 | Elf:1    | Reached XP level 15. HP: 119/172 MP: 20/20
 11409 | Elf:1    | Reached skill level 9 in Translocations
 11547 | Elf:1    | Found Xeiso's Armour Boutique.
 11773 | Elf:2    | Reached skill level 10 in Translocations
 11786 | Elf:2    | Noticed a deep elf sorcerer
 11805 | Elf:2    | Reached skill level 3 in Spellcasting
 11805 | Elf:2    | Killed a deep elf sorcerer
 11805 | Elf:2    | Reached skill level 4 in Spellcasting
 11879 | Elf:2    | Found a runed gate.
 11880 | Elf:2    | Found a runed gate.
 11886 | Elf:2    | Reached skill level 5 in Spellcasting
 11905 | Elf:2    | Found a runed gate.
 11963 | Elf:3    | Entered Level 3 of the Elven Halls
 12087 | Elf:3    | Reached skill level 6 in Spellcasting
 12184 | Elf:3    | Reached skill level 7 in Spellcasting
 12336 | Elf:3    | Reached skill level 8 in Spellcasting
 12464 | Elf:3    | Noticed a deep elf elementalist
 12467 | Elf:3    | Noticed a balrug
 12470 | Elf:3    | Killed a deep elf elementalist
 12471 | Elf:3    | Noticed an Ice Fiend
 12510 | Elf:3    | Noticed a deep elf blademaster
 12545 | Elf:3    | Noticed a deep elf elementalist
 12548 | Elf:3    | Noticed a deep elf elementalist
 12556 | Elf:3    | Killed a deep elf elementalist
 12556 | Elf:3    | Reached XP level 16. HP: 129/183 MP: 20/28
 12557 | Elf:3    | Noticed a deep elf blademaster
 12568 | Elf:3    | Killed a deep elf blademaster
 12572 | Elf:3    | Killed a deep elf blademaster
 12572 | Elf:3    | Reached skill level 13 in Fighting
 12632 | Elf:3    | Noticed a deep elf master archer
 12641 | Elf:3    | Noticed a deep elf master archer
 12645 | Elf:3    | Killed a deep elf master archer
 12660 | Elf:3    | Killed a deep elf master archer
 12668 | Elf:3    | Reached skill level 15 in Unarmed Combat
 12673 | Elf:3    | Reached skill level 10 in Dodging
 12699 | Elf:3    | HP: 11/187 [deep elf annihilator/crystal spear (80)]
 12858 | Elf:3    | HP: 13/188 [small abomination[a deep elf death mage] (17)]
 12858 | Elf:3    | Killed from afar by a ghostly deep elf death mage

Vault maps used:
D:1:      dpeg_arrival_orchard, minmay_misc_feat_doors, minmay_unequal
D:3:      portal_sewer_entry_e
D:4:      serial_shops, shop
D:5:      first_bread
D:6:      kennysheep_minor_cross
D:7:      lightli_ossuary_entry_decrepit_ruins, uniq_joseph
D:8:      hangedman_pestilent_swarm
D:10:     zombieorc2_lemuel, minivault_16, uniq_erolcha, uniq_grum
D:11:     cheibrodos_grave_circle, erik_lair_orcish_takeover
D:12:     basic_altar
D:13:     special_room
D:14:     minmay_open_boxes_in_corner, erik_vaults_2, minmay_misc_feat_enclosed,
          serial_ice, serial_ice_a, serial_ice_g, serial_ice_m, serial_ice_k,
          serial_ice_f, serial_ice_b, serial_shops, shop
Temple:   nicolae_temple_the_god_donut
Lair:1:   portal_ice_cave_rime, lemuel_fruit_fields
Lair:2:   elwin_shoals_entry_rooms, enter_volcano_2, infiniplex_staircase_pool,
          uniq_urug
Lair:3:   guppyfry_snake_entry_island, serial_bayou_lake_a, grunt_megastairs_3
Lair:4:   kb_forest_paths
Lair:5:   minivault_23
Lair:6:   minmay_lair_end_frog_pond, nicolae_slime_entry_slimehenge,
          special_room, st_stairs_11, grunt_forest_large_clearings
Orc:1:    basic_altar
Orc:2:    grunt_orc_community_town_hall, grunt_orc_community_big_house_2,
          grunt_orc_community_big_house_1, grunt_orc_community_house_3,
          grunt_orc_community_house_1, grunt_orc_community_house_2,
          grunt_orc_community_house_3, grunt_orc_community_house_2,
          serial_shops, shop, lab_entry_generic
Elf:1:    serial_shops, nicolae_shop_statue_plus,
          hangedman_elven_crosses_minicolossus
Elf:2:    basic_stair_grate_trap, uniq_azrael
Elf:3:    elf_hall
Lab:      labyrinth_hidden_loot, lab_statue, nicolae_lab_swirl,
          nicolae_lab_dead_end
Ossuary:  ossuary_due_pyramid
Volcano:  volcano_bunker

Skill      XL: |  1  2  3  4  5  6  7  8  9 10 11 12 13 14 15 16 |
---------------+-------------------------------------------------+-----
Unarmed Combat | 2 3 4 5 6 8 10 12 14 15 | 15.3
Fighting       | 4 7 11 12 13 | 13.7
Shields        | 5 6 9 |  9.4
Dodging        | 3 4 8 9 10 | 10.2
Invocations    | 7 |  7.6
Translocations | 8 10 | 10.0
Spellcasting   | 8 |  8.4
Throwing       | |  1.0

Action                   |  1- 3 |  4- 6 |  7- 9 | 10-12 | 13-15 | 16-18 || total
-------------------------+-------+-------+-------+-------+-------+-------++-------
Melee: Unarmed           |   140 |   118 |   454 |   588 |  1109 |   127 ||  2536
       Punch             |       |       |    25 |       |       |       ||    25
Throw: Tomahawk          |       |     4 |       |       |       |       ||     4
       Large rock        |       |       |       |       |     2 |       ||     2
 Cast: Lesser Beckoning  |       |       |       |       |    25 |     9 ||    34
Invok: Bend Time         |       |       |       |     4 |     3 |     1 ||     8
       Slouch            |       |       |       |       |     9 |     7 ||    16
       Temporal Distorti |       |       |       |       |     1 |       ||     1
Evoke: Wand              |       |     3 |       |       |     4 |     2 ||     9
       Rod               |       |       |       |       |     2 |       ||     2
  Use: Potion            |       |     5 |     8 |     3 |     1 |     5 ||    22
       Scroll            |       |       |    12 |     7 |    14 |     2 ||    35
 Stab: Invisible         |       |     4 |       |       |       |       ||     4
       Sleeping          |       |       |     2 |     1 |     8 |       ||    11
       Distracted        |       |       |       |       |     2 |       ||     2
  Eat: Chunk             |       |     9 |     9 |     7 |    11 |       ||    36
       Pizza             |       |     1 |       |       |     1 |     1 ||     3
       Fruit             |       |       |     2 |     3 |       |       ||     5
       Beef jerky        |       |       |       |       |     1 |       ||     1
       Royal jelly       |       |       |       |       |     1 |       ||     1
Armor: Robe              |    35 |    16 |    48 |    42 |     1 |       ||   142
       Skin              |       |       |    22 |    14 |       |       ||    36
       Troll leather arm |       |       |       |    13 |    89 |     8 ||   110
Dodge: Dodged            |    83 |    71 |   147 |   189 |   441 |    31 ||   962
Block: Shield            |       |       |    41 |   300 |   580 |    43 ||   964
